 Dungeon Crawl Stone Soup version 0.26.0-10-g1f06aea511 (webtiles) character file.

Game seed: 13525284565331385152

140 Frank the Skirmisher (level 5, -2/37 HPs)
             Began as an Octopode Fighter on Jan 20, 2021.
             Slain by an orc
             ... wielding a +0 mace
              (7 damage)
             ... on level 3 of the Dungeon.
             The game lasted 00:01:53 (1734 turns).

Frank the Skirmisher (Octopode Fighter)             Turns: 1734, Time: 00:01:55

Health: -2/37      AC:  1    Str: 15    XL:     5   Next: 23%
Magic:  5/5        EV: 12    Int: 10    God:
Gold:   59         SH:  9    Dex: 13    Spells: 4/4 levels left

rFire    . . .     SeeInvis .   a - +1 flail
rCold    . . .     Faith    .   b - +0 kite shield
rNeg     . . .     Spirit   .   (helmet restricted)
rPois    .         Reflect  .   (no amulet)
rElec    .         Harm     .   (no ring)
rCorr    .         Rampage  .   (no ring)
Will     .....                  (no ring)
Stlth    ++........             (no ring)
HPRegen  0.12/turn              (no ring)
MPRegen  0.09/turn              (no ring)
                                (no ring)
                                (no ring)

@: no status effects
A: almost no armour, stealthy swim, amphibious, 8 rings, constrict 8, camouflage
1, gelatinous body 1
a: no special abilities


You were on level 3 of the Dungeon.
You visited 1 branch of the dungeon, and saw 3 of its levels.

You collected 59 gold pieces.

Inventory:

Hand Weapons
 a - a +1 flail (weapon)
Armour
 b - a +0 kite shield (worn)
Scrolls
 f - 2 scrolls of enchant weapon
 i - a scroll of amnesia
Potions
 c - a potion of might
 d - a potion of cancellation
 e - a potion of attraction {unknown}
 g - a potion of haste {unknown}
 h - a potion of brilliance {unknown}
 j - a potion of degeneration {unknown}


   Skills:
 * Level 4.1 Fighting
 + Level 3.2 Maces & Flails
 + Level 3.8 Dodging
 + Level 3.5 Shields


You had 4 spell levels left.
You didn't know any spells.
Your spell library was empty.

Dungeon Overview and Level Annotations

Branches:
Dungeon (3/15)

Altars:
Fedhas
Gozag


Innate Abilities, Weirdness & Mutations

You cannot wear most types of armour.
You are very stealthy in the water. (Stealth+)
You are amphibious.
You can wear up to eight rings at the same time.
You can use your tentacles to constrict eight enemies at once.
Your skin changes colour to match your surroundings (Stealth+).
Your rubbery body absorbs attacks. (AC +1, EV +1)


Message History

The hobgoblin shouts!
The orc hits you with a +0 dagger.
You hit the orc. You grab the orc.
The orc is moderately wounded.
You constrict the orc. The orc hits you but does no damage.
You hit the orc.
The orc is almost dead.
You constrict the orc.
You kill the orc!
The hobgoblin hits you.
* * * LOW HITPOINT WARNING * * *
You block the orc's attack.
You sock the orc!
You kill the orc!
The hobgoblin hits you.
* * * LOW HITPOINT WARNING * * *
The hobgoblin hits you.
* * * LOW HITPOINT WARNING * * *
The orc hits you with a +0 mace!
You die...

.......#.†.......... .
#.....##.............#
.####.####..>..........#
...........'##[.#......#
.............#o.#......#
.............#..#.....
................#...
........###+#..##g# ........#
+#..o@.# ........#.....#####....
...........<..).........
......###...............
........................####+####
...####........................<#
.........................#......#
.........................#.......
.........................#......#


You could see an orc and a hobgoblin.

Vanquished Creatures
  A scorpion (D:2)
  2 gnolls
  2 adders
  A leopard gecko (D:1)
  7 orcs
  6 bats
  A giant cockroach (D:3)
  4 goblins
  7 hobgoblins
  2 quokkas (D:2)
  A frilled lizard (D:1)
  7 kobolds
  7 rats
48 creatures vanquished.

Notes
Turn   | Place    | Note
-------+----------+-------------------------------------------
     0 | D:1      | Frank the Octopode Fighter began the quest for the Orb.
     0 | D:1      | Reached XP level 1. HP: 16/16 MP: 1/1
    16 | D:1      | Reached XP level 2. HP: 21/21 MP: 2/2
   396 | D:1      | Reached XP level 3. HP: 26/26 MP: 3/3
  1050 | D:2      | Noticed a scorpion
  1065 | D:2      | Found a blossoming altar of Fedhas.
  1072 | D:2      | Killed a scorpion
  1073 | D:2      | Reached XP level 4. HP: 28/33 MP: 4/4
  1077 | D:2      | Reached skill level 4 in Fighting
  1451 | D:2      | Reached XP level 5. HP: 33/37 MP: 5/5
  1713 | D:3      | Found an opulent altar of Gozag.
  1734 | D:3      | Slain by an orc

Illustrated notes

Levels and vault maps discovered:
D:1:      lightli_iron_boxes, layout_loops_ring, chequers_serial_rivers_small_a,
          minmay_misc_feat_diagonals
D:2:      minmay_chambers_of_ones, layout_rooms, nicolae_overflow_crystal_walls,
          chequers_serial_rivers_room_b, minmay_misc_feat_chi
D:3:      layout_basic, old_standard_altar

Skill      XL: |  1  2  3  4 |
---------------+-------------+-----
Fighting       | 4 |  4.1
Maces & Flails | 3 |  3.2
Dodging        | |  3.8
Shields        | |  3.5

Action                   |  1- 3 |  4- 6 || total
-------------------------+-------+-------++-------
Melee: Flail             |    53 |    38 ||    91
       Constrict         |    12 |    12 ||    24
       Tentacles         |     6 |     4 ||    10
  Use: Scroll            |     4 |     3 ||     7
 Stab: Sleeping          |     9 |     3 ||    12
Armor: Skin              |     6 |     1 ||     7
Dodge: Dodged            |    25 |    13 ||    38
Block: Kite shield       |    10 |    22 ||    32
